Map: Jagannatha LE

Players

PattyMac - Winner!

  • Race: Protoss Protoss
  • League: Grandmaster

MCanning

  • Race: Protoss Protoss

Event: DreamHack SC2 Masters 2021 Summer

VOD

Have the link to the VOD?

Description

Time

  • Played on: May 30, 2021, 3:03 p.m.
  • Length: 11:22

All games in this series

Show
View Real Time Build Order
Export as new Build Order

PattyMac Protoss - Winner!

Build Orders: Phoenix Opening, Blink Stalkers 

Get SALT Encoding   

  12  0:00  Probe  
  13  0:12  Probe  
  14  0:17  Pylon  
  14  0:25  Probe (Chrono Boost)  
  16  0:37  Probe (Chrono Boost), Gateway  
  16  0:41  Probe (Chrono Boost)  
  16  0:45  Assimilator  
  17  0:52  Probe (Chrono Boost)  
  17  0:53  Assimilator  
  19  1:04  Probe (Chrono Boost)  
  19  1:08  Gateway  
  19  1:13  Probe (Chrono Boost)  
  19  1:18  Probe  
  20  1:24  Cybernetics Core  
  21  1:30  Probe  
  22  1:33  Pylon  
  22  1:42  Probe  
  23  1:54  Probe  
  23  2:00  Stalker  
  23  2:01  Stalker  
  28  2:03  Warp Gate  
  28  2:06  Probe  
  29  2:10  Pylon  
  29  2:19  Probe  
  30  2:33  Sentry x2  
  30  2:35  Probe  
  34  2:50  Twilight Council  
  35  2:57  Nexus  
  34  3:05  Pylon  
  34  3:07  Pylon  
  34  3:08  Phoenix  
  34  3:11  Probe, Sentry  
  37  3:28  Shield Battery  
  37  3:31  Probe (Chrono Boost)  
  37  3:34  Blink (Chrono Boost)  
  38  3:40  Probe (Chrono Boost)  
  39  3:43  Pylon  
  39  3:44  Phoenix  
  39  3:45  Probe (Chrono Boost)  
  40  3:53  Stalker  
  40  3:55  Stalker  
  44  3:57  Probe  
  45  4:06  Forge  
  45  4:09  Probe (Chrono Boost)  
  46  4:12  Probe (Chrono Boost)  
  47  4:21  Probe (Chrono Boost)  
  49  4:24  Probe (Chrono Boost)  
  49  4:26  Stalker  
  49  4:29  Probe (Chrono Boost)  
  49  4:30  Probe (Chrono Boost)  
  52  4:33  Stalker  
  55  4:41  Protoss Ground Weapons Level 1 (Chrono Boost)  
  55  4:43  Probe x2, Phoenix  
  55  4:45  Assimilator  
  57  4:53  Stalker  
  57  4:55  Probe  
  57  4:56  Stalker  
  57  4:57  Probe  
  63  5:07  Probe, Pylon  
  64  5:16  Nexus  
  64  5:18  Probe  
  64  5:20  Probe  
  66  5:26  Gateway  
  66  5:30  Probe  
  66  5:34  Charge  
  67  5:36  Probe  
  67  5:38  Gateway  
  68  5:43  Probe  
  68  5:45  Gateway  
  68  5:48  Gateway  
  69  5:58  Probe x2  
  69  6:04  Gateway  
  71  6:05  Gateway  
  71  6:10  Probe  
  71  6:11  Robotics Facility  
  71  6:13  Zealot  
  71  6:16  Zealot  
  75  6:22  Zealot  
  75  6:23  Phoenix  
  75  6:25  Shield Battery  
  75  6:30  Probe x2  
  77  6:39  Protoss Ground Weapons Level 2 (Chrono Boost)  
  77  6:45  Photon Cannon  
  71  6:47  Zealot x3  
  71  6:51  Probe x2  
  79  6:55  Templar Archives  
  79  6:58  Zealot x3  
  79  7:00  Observer  
  86  7:06  Shield Battery  
  86  7:09  Probe x3  
  86  7:10  Pylon  
  89  7:15  Photon Cannon  
  89  7:18  Immortal (Chrono Boost)  
  93  7:35  Zealot x4  
  101  7:38  Assimilator  
  101  7:40  Pylon  
  101  7:46  Pylon  
  101  7:54  Pylon  
  101  7:58  Probe x3  
  104  8:02  Zealot x2  
  104  8:03  Pylon  
  108  8:10  Probe  
  109  8:15  High Templar  
  109  8:16  Zealot x2, High Templar x3, Warp Prism (Chrono Boost)  
  117  8:21  Archon x2  
  117  8:23  Probe x2  
  117  8:25  Photon Cannon, Assimilator  
  119  8:28  High Templar  
  119  8:29  High Templar  
  123  8:34  Probe  
  123  8:35  Probe  
  123  8:39  Archon  
  123  8:40  Zealot x2  
  129  8:49  Observer (Chrono Boost), Pylon  
  129  8:51  Zealot, Nexus  
  132  8:56  Pylon  
  132  9:08  Zealot x4  
  140  9:15  High Templar x2  
  140  9:16  Zealot x2  
  148  9:20  Pylon  
  148  9:21  Archon  
  148  9:29  Gateway  
  148  9:31  Gateway  
  148  9:33  Zealot x4  
  144  9:41  High Templar x2  
  138  9:46  Archon  
  138  9:48  Zealot x2  
  138  9:54  Zealot x4  
  138  9:57  Probe  
  138  9:58  Probe x2  
  138  9:59  Photon Cannon  
  139  10:09  Zealot  
  139  10:10  Zealot  
  137  10:18  High Templar x2  
  137  10:19  High Templar x2  
  137  10:22  Archon x2  
  137  10:23  Zealot x3  
  131  10:32  Zealot x3  
  131  10:47  Zealot x3  
  118  10:53  Zealot x7  
  111  11:08  Robotics Bay  
  111  11:09  Probe x3  
  111  11:11  Stalker x3  
  120  11:14  Robotics Facility  
  120  11:17  Stalker x3  
Show
View Real Time Build Order
Export as new Build Order

MCanning Protoss 

Build Orders: Archon Immortal 

Get SALT Encoding   

  12  0:00  Probe  
  13  0:12  Probe  
  14  0:17  Pylon  
  14  0:24  Probe  
  15  0:36  Probe (Chrono Boost)  
  15  0:37  Gateway  
  16  0:46  Probe (Chrono Boost), Assimilator  
  17  0:51  Probe (Chrono Boost)  
  17  0:55  Assimilator  
  18  1:03  Probe (Chrono Boost)  
  19  1:13  Gateway  
  19  1:14  Probe (Chrono Boost)  
  20  1:18  Probe (Chrono Boost)  
  21  1:25  Cybernetics Core  
  21  1:29  Probe  
  22  1:36  Pylon  
  22  1:41  Probe  
  24  1:54  Probe  
  24  2:02  Stalker  
  24  2:03  Stalker  
  24  2:04  Warp Gate  
  28  2:12  Probe  
  28  2:15  Pylon  
  29  2:24  Probe  
  30  2:33  Sentry, Stalker  
  34  2:50  Shield Battery  
  34  2:58  Nexus  
  34  3:00  Probe (Chrono Boost)  
  35  3:07  Shield Battery  
  35  3:12  Probe (Chrono Boost)  
  36  3:16  Sentry  
  39  3:20  Probe (Chrono Boost)  
  39  3:22  Pylon  
  39  3:38  Robotics Facility  
  39  3:40  Probe (Chrono Boost)  
  40  3:45  Forge  
  40  3:52  Probe (Chrono Boost)  
  41  3:57  Probe (Chrono Boost)  
  41  3:58  Sentry  
  44  4:06  Pylon  
  44  4:08  Probe (Chrono Boost)  
  45  4:11  Probe (Chrono Boost)  
  46  4:17  Adept  
  46  4:18  Protoss Ground Weapons Level 1 (Chrono Boost)  
  46  4:21  Probe (Chrono Boost)  
  46  4:23  Probe (Chrono Boost)  
  50  4:26  Observer (Chrono Boost), Probe (Chrono Boost)  
  50  4:30  Probe  
  53  4:36  Twilight Council  
  53  4:37  Probe  
  54  4:40  Zealot  
  54  4:42  Probe, Immortal (Chrono Boost)  
  57  4:49  Probe  
  57  4:51  Immortal (Chrono Boost)  
  62  4:54  Probe  
  62  4:59  Assimilator  
  63  5:01  Probe  
  63  5:06  Probe, Pylon  
  65  5:13  Probe  
  66  5:18  Probe  
  66  5:20  Stalker  
  69  5:21  Pylon  
  69  5:24  Immortal (Chrono Boost)  
  69  5:25  Probe  
  69  5:28  Charge  
  74  5:31  Immortal  
  74  5:34  Probe  
  75  5:36  Gateway  
  75  5:42  Stalker  
  75  5:43  Stalker  
  75  5:44  Probe  
  75  5:46  Probe  
  79  5:56  Probe  
  80  5:58  Probe  
  85  6:05  Pylon  
  85  6:08  Probe  
  86  6:17  Protoss Ground Weapons Level 2 (Chrono Boost)  
  86  6:19  Nexus  
  86  6:21  Pylon  
  86  6:23  Probe  
  85  6:30  Probe  
  85  6:35  Immortal (Chrono Boost)  
  85  6:38  Pylon  
  81  6:42  Probe  
  82  6:48  Templar Archives, Probe  
  82  6:52  Gateway, Pylon  
  82  6:53  Gateway  
  83  7:00  Probe  
  84  7:03  Shield Battery  
  84  7:05  Gateway  
  84  7:09  Probe, Gateway  
  84  7:15  Gateway, Pylon  
  85  7:16  Warp Prism (Chrono Boost)  
  85  7:19  Probe  
  88  7:25  Probe  
  89  7:32  Probe  
  89  7:34  Probe, High Templar  
  89  7:35  High Templar  
  95  7:37  Probe  
  95  7:40  Archon  
  95  7:41  Assimilator  
  95  7:43  Pylon  
  95  7:44  Assimilator  
  96  7:48  High Templar  
  96  7:49  High Templar  
  96  7:50  Probe  
  99  7:52  Pylon  
  99  7:53  Zealot  
  99  7:55  Probe  
  99  8:01  Zealot  
  99  8:04  Probe  
  99  8:06  Probe  
  99  8:07  Zealot  
  99  8:08  Zealot x2  
  99  8:10  Probe  
  103  8:15  Photon Cannon  
  103  8:16  Probe, Zealot x2  
  103  8:18  Probe  
  107  8:21  Robotics Bay  
  107  8:23  Probe  
  107  8:25  Archon  
  108  8:28  Probe  
  108  8:29  Zealot x2  
  108  8:30  Zealot  
  108  8:32  Photon Cannon  
  115  8:37  Probe  
  115  8:40  High Templar, Assimilator  
  115  8:41  High Templar  
  120  8:46  Archon  
  120  8:48  Probe  
  121  8:53  Probe, Nexus  
  121  8:54  Pylon  
  122  8:57  Archon, Pylon  
  122  9:02  High Templar x2, Zealot  
  126  9:03  Zealot  
  126  9:07  Archon  
  126  9:08  Zealot  
  126  9:09  Zealot  
  132  9:12  Shield Battery  
  132  9:16  Probe  
  129  9:17  Disruptor (Chrono Boost)  
  129  9:19  Probe  
  129  9:24  Zealot x2  
  135  9:29  Zealot x3  
  135  9:30  Zealot  
  143  9:35  Zealot x2  
  134  9:44  Zealot  
  134  9:45  Zealot  
  134  9:46  Disruptor  
  134  9:50  Zealot  
  134  9:52  Zealot x2  
  134  9:53  Zealot  
  134  9:56  High Templar  
  134  9:57  High Templar  
  136  10:05  Zealot x2  
  137  10:08  Archon  
  137  10:11  Zealot  
  137  10:13  High Templar x2  
  137  10:16  Shield Battery  
  137  10:17  Archon  
  137  10:19  Zealot  
  133  10:22  Disruptor  
  121  10:30  Zealot x3  
  121  10:35  Zealot  
  119  10:45  Zealot x3  
  119  10:49  Zealot  
  104  10:53  Zealot  
  90  10:59  High Templar x2  
  78  11:04  Archon  
  78  11:14  Zealot x2  
Tags
 
Add a new tag
Caveats
  • Supply blocks, unpowered buildings, or Contaminate may cause inaccurate times.
  • Supply counts are checked every 10 seconds.